 Dungeon Crawl Stone Soup version 0.30-a0-367-g839099abd5 (webtiles) character file.

Game seed: 3343671569273342323

67 MrRokkomies the Insei (level 4, -3/37 HPs)
             Began as a Meteoran Transmuter on Nov 18, 2022.
             Was an Initiate of Lugonu.
             Slain by a goblin
             ... wielding a +1 dagger of distortion
              (12 damage)
             ... on level 4 of the Dungeon.
             The game lasted 00:05:13 (1787 turns).

MrRokkomies the Insei (Meteoran Transmuter)         Turns: 1787, Time: 00:05:14

Health: -3/37      AC:  2    Str: 18    XL:     4   Next: 67%
Magic:  8/9        EV: 13    Int: 14    God:    Lugonu [......]
Gold:   117        SH:  0    Dex: 16    Spells: 2/8 levels left

rFire   . . .      SeeInvis .      - Unarmed
rCold   . . .      Faith    .    (no shield)
rNeg    . . .      Spirit   .    a - +0 robe
rPois   .          Reflect  .    (no helmet)
rElec   .          Harm     .    (no cloak)
rCorr   .          Rampage  .    (no gloves)
Will    .....                    (no boots)
Stlth   +.........               (no amulet)
HPRegen 0.26/turn                j - +6 ring of strength
MPRegen 0.11/turn                k - ring of wizardry

@: glowing
A: sense surroundings 1, otherworldly, glowing, explore regen
a: Renounce Religion


You were on level 4 of the Dungeon.
You worshipped Lugonu.
Lugonu was noncommittal.
You visited 1 branch of the dungeon, and saw 4 of its levels.
You visited the Abyss 1 time.

You collected 117 gold pieces.

Inventory:

Missiles
 d - 2 poisoned darts
Armour
 a - a +0 robe (worn)
Jewellery
 j - a +6 ring of strength (left hand)
 k - a ring of wizardry (right hand)
 l - a ring of resist corrosion
 m - a ring of positive energy
Scrolls
 e - a scroll of fear
 h - a scroll of teleportation
 i - a scroll of amnesia
 q - a scroll of blinking
Potions
 b - 2 potions of lignification
 c - a potion of degeneration {unknown}
 f - 2 potions of mutation
 g - a potion of attraction {unknown}
 n - a potion of brilliance {unknown}
 p - a potion of invisibility {unknown}
 r - a potion of heal wounds {unknown}


   Skills:
 * Level 2.6 Fighting
 + Level 2.9 Dodging
 * Level 4.5 Unarmed Combat
 - Level 2.6 Spellcasting
 + Level 3.0 Transmutations


You had 2 spell levels left.
You knew the following spells:

 Your Spells              Type           Power      Damage    Failure   Level
a - Beastly Appendage     Tmut           20%        N/A       2%          1
b - Wereblood             Tmut           10%        N/A       4%          2
c - Vhi's Electric Charg  Tloc/Air       2%         N/A       26%         3

Your spell library contained the following spells:

 Spells                   Type           Power      Damage    Failure   Level
 Static Discharge         Conj/Air       2%         2-3/arc   13%         2
 Spider Form              Tmut/Pois      6%         N/A       14%         3
 Dazzling Flash           Conj/Hex       2%         N/A       26%         3
 Ice Form                 Ice/Tmut       6%         N/A       41%         4
 Animate Dead             Necr           1%         N/A       61%         4
 Agony                    Necr           1%         N/A       91%         5
 Arcjolt                  Conj/Air       0%         1d10      91%         5
 Borgnjor's Vile Clutch   Necr/Erth      0%         N/A       91%         5
 Lightning Bolt           Conj/Air       0%         1d11      91%         5
 Silence                  Hex/Air        0%         N/A       91%         5
 Death Channel            Necr           0%         N/A       100%        6


Dungeon Overview and Level Annotations

Branches:
Dungeon (4/15) Zot: 738
 Temple: D:4-7

Altars:
Uskayaw
Vehumet

Shops:
D:3 [

Annotations:
D:2 1 runed translucent door, Crazy Yiuf


Innate Abilities, Weirdness & Mutations

You passively map a small area around you.
You are easily found by Zot.
You glow in the dark.
You regain HP and MP as you explore.


Message History

The flying skull attacks as you move away!
The flying skull hits you. The flying skull barely misses you.
The flying skull attacks as you move away!
The flying skull hits you! x2
The flying skull attacks as you move away!
The flying skull hits you. The flying skull hits you.
The flying skull attacks as you move away!
The flying skull barely misses you.
You are suddenly pulled into a different region of the Abyss!
HP restored.
A small abomination and an iron imp come into view.
The iron imp shouts!
Found a corrupted altar of Lugonu.
The small abomination hits you!!
Ouch! That really hurt!
The small abomination attacks as you move away!
The small abomination hits you!
* * * LOW HITPOINT WARNING * * *
The small abomination attacks as you move away!
The small abomination closely misses you.
The small abomination hits you.
* * * LOW HITPOINT WARNING * * *
There is a corrupted altar of Lugonu here.
You kneel at the altar of Lugonu.
You have lost your religion!
Vehumet does not appreciate desertion!
Lugonu welcomes you!
You can now depart the Abyss.
The small abomination closely misses you.
You pass through the gate.
Welcome back to the Dungeon!
You can no longer depart the Abyss at will.
You feel better. The goblin closely misses you.
The goblin attacks as you move away!
The goblin hits you with a +1 dagger of distortion.
* * * LOW HITPOINT WARNING * * *
Space warps horribly around you!
You die...

#.###..........##.#..........##
#.# #........................# *
#.#######..#.#..#.###........###.
.............................<...
#########....#..#.###............
#.......#......#........#
#...................#...#
######...[##....###...##.#...#
##.........##g@..#,....# .+...#
*.................#.###.# ## ..#
...........#.......# ... ,, *
.....#..........##.# *
.##.....<........, .. , ,
##.............., .#
#..###.........., . , , *#..
....#...... * * ...#* #..#... *


You could see a goblin.

Vanquished Creatures
  A hound (D:4)
  An adder (D:4)
  A dart slug (D:3)
  An orc (D:4)
  2 endoplasms
  A giant cockroach (D:2)
  2 hobgoblins
  3 kobolds
  2 quokkas (D:2)
  2 ball pythons
  4 frilled lizards
  A goblin (D:2)
  5 rats
26 creatures vanquished.

Vanquished Creatures (others)
  A plant (D:2)
1 creature vanquished.

Grand Total: 27 creatures vanquished

Notes
Turn   | Place    | Note
-------+----------+-------------------------------------------
     0 | D:1      | MrRokkomies the Meteoran Transmuter began the quest for the
                  | Orb.
     0 | D:1      | Reached XP level 1. HP: 16/16 MP: 5/5
   142 | D:1      | Reached XP level 2. HP: 23/23 MP: 6/6
   479 | D:2      | Learned a level 2 spell: Wereblood
   493 | D:2      | Reached skill level 4 in Unarmed Combat
   650 | D:2      | Reached XP level 3. HP: 24/29 MP: 6/8
   725 | D:2      | Found a runed translucent door.
   726 | D:2      | Noticed Crazy Yiuf
   922 | D:3      | Identified the +4 dagger "Liffai" {distort, +Blink Stlth+}
   998 | D:3      | Identified the +7 spear of the Sky {pain, rF- Int+7}
  1276 | D:3      | Found a faded altar of an unknown god.
  1283 | D:3      | Prayed at the altar of an unknown god.
  1283 | D:3      | Became a worshipper of Vehumet
  1283 | D:3      | Reached * piety under Vehumet
  1283 | D:3      | Offered knowledge of Magic Dart by Vehumet.
  1288 | D:3      | Learned a level 3 spell: Vhi's Electric Charge
  1361 | D:3      | Found Nure's Armour Emporium.
  1466 | D:4      | Reached XP level 4. HP: 9/37 MP: 9/9
  1503 | D:4      | Found a hide-covered altar of Uskayaw.
  1662 | Abyss:1  | Cast into level 1 of the Abyss (goblin)
  1694 | Abyss:1  | Noticed a flying skull
  1694 | Abyss:1  | Noticed a flying skull
  1694 | Abyss:1  | Noticed a flying skull
  1695 | Abyss:1  | Noticed a flying skull
  1753 | Abyss:1  | Noticed a small abomination
  1769 | Abyss:1  | Noticed a neqoxec
  1776 | Abyss:1  | Found a corrupted altar of Lugonu.
  1784 | Abyss:1  | Fell from the grace of Vehumet
  1784 | Abyss:1  | Became a worshipper of Lugonu the Unformed
  1784 | Abyss:1  | Reached * piety under Lugonu
  1785 | D:4      | Escaped the Abyss
  1787 | D:4      | Slain by a goblin

Illustrated notes

Levels and vault maps discovered:
D:1:      elethiomel_arrival_maze, layout_basic, hangedman_feature_mirror
D:2:      layout_basic, minmay_misc_feat_five, serial_bayou_pond_c,
          uniq_crazy_yiuf_cottage
D:3:      layout_loops_cross, ebering_ecumenical_altar_hall, serial_shops,
          nicolae_shop_hallway_plus, kennysheep_flooded_box
D:4:      layout_basic, eat_drink_and_be_merry_uskayaw,
          hangedman_abyss_or_decor_stabs

Skill      XL: |  1  2  3  4 |
---------------+-------------+-----
Unarmed Combat | 4 |  4.5
Fighting       | 2 |  2.6
Transmutations | 3 |  3.0
Dodging        | |  2.9
Spellcasting   | |  2.6

Action                   |  1- 3 |  4- 6 || total
-------------------------+-------+-------++-------
Melee: Unarmed           |    69 |     7 ||    76
       Headbutt          |     7 |     1 ||     8
       Kick              |    13 |     1 ||    14
       Punch             |     1 |       ||     1
 Cast: Beastly Appendage |    19 |     3 ||    22
Invok: Depart the Abyss  |       |     1 ||     1
  Use: Scroll            |     6 |     1 ||     7
       Potion            |     1 |     1 ||     2
Armor: Robe              |     7 |     2 ||     9
Dodge: Dodged            |    29 |    13 ||    42

Table legend: (Time is in decaauts)
 A = Elapsed time spent in this place.
 B = Non-inter-level travel time spent in this place.
 C = Inter-level travel time spent in this place.
 D = Time resting spent in this place.
 E = Time spent auto-exploring this place.
 F = Levels seen in this place.
 G = Mean time per level.
                   A        B        C        D        E       F      G
               +--------+--------+--------+--------+--------+-----+--------+
         Total |   1783 |   1713 |     70 |      0 |   1353 |   5 |  356.6 |
       Dungeon |   1660 |   1590 |     70 |      0 |   1276 |   4 |  415.0 |
         Abyss |    122 |    122 |      0 |      0 |     77 |   1 |  122.0 |
               +--------+--------+--------+--------+--------+-----+--------+

Top non-repeatable levels by time:
     D:3: 624 daAuts
     D:1: 441 daAuts
     D:2: 379 daAuts
     D:4: 215 daAuts
 Abyss:1: 122 daAuts
